[Event "Titled Tuesday Blitz February 21 Early 2023"]
[White "Derix, Bernhard"]
[Black "Pranav, V"]
[WhiteFideId "4642368"]
[BlackFideId "25060783"]
[WhiteElo "2065"]
[BlackElo "2597"]
[Result "1-0"]
[Round "02"]
[TimeControl "180+2"]
[Date "2023.02.21"]
[WhiteClock "0:00:03"]
[BlackClock "0:00:01"]

1. Nf3 Nf6 2. g3 g6 3. Bg2 Bg7 4. O-O O-O 5. d4 d6 6. c4 Nbd7 7. Nc3 c5 8. e3 a6 9. b3 Rb8 10. a4 b6 11. Bb2 Bb7 12. Qc2 e6 13. Rad1 Qc7 14. d5 exd5 15. cxd5 b5 16. axb5 axb5 17. Nxb5 Qb6 18. Nc3 Ba6 19. Rfe1 Qxb3 20. Qxb3 Rxb3 21. Ba1 Ra8 22. Nd2 Rb6 23. Bf1 Bxf1 24. Kxf1 Ne8 25. Nce4 f5 26. Ng5 Rb4 27. Ne6 Nb6 28. Nxg7 Nxg7 29. e4 Re8 30. Bc3 Ra4 31. Rb1 Ra6 32. f3 Kf7 33. Rb3 fxe4 34. Nxe4 Rxe4 35. fxe4 Ne8 36. Reb1 Nd7 37. Rb7 Ke7 38. Ra1 Rxa1+ 39. Bxa1 Kd8 40. Ke2 Nc7 41. Ke3 Kc8 42. Rb1 Kd8 43. Kf4 Ke7 44. h4 Ne8 45. Rb7 Kd8 46. Kg5 c4 47. Rb4 h6+ 48. Kxg6 Ne5+ 49. Bxe5 c3 50. Bxc3 1-0


[Site "https://www.chess.com"]

[Event "Titled Tuesday Blitz February 21 Early 2023"]
[White "Sarana, Alexey"]
[Black "Volkov, Maksim"]
[WhiteFideId "24133795"]
[BlackFideId "54123070"]
[WhiteElo "2685"]
[BlackElo "2258"]
[Result "1-0"]
[Round "02"]
[TimeControl "180+2"]
[Date "2023.02.21"]
[WhiteClock "0:01:42"]
[BlackClock "0:00:42"]

1. d4 d5 2. c4 e6 3. Nf3 Nf6 4. Nc3 c6 5. e3 Nbd7 6. Bd3 dxc4 7. Bxc4 b5 8. Bd3 Bd6 9. O-O O-O 10. Qc2 Bb7 11. e4 e5 12. Bg5 Rc8 13. dxe5 Nxe5 14. Nxe5 Bxe5 15. f4 Bd4+ 16. Kh1 h6 17. Bh4 Qb6 18. e5 Ng4 19. Qe2 Ne3 20. Rf3 c5 21. Rxe3 Bxe3 22. Qxe3 c4 23. Qxb6 axb6 24. Bf5 Rc5 25. Be7 b4 26. Na4 Rb5 27. Bxf8 Kxf8 28. Rd1 Bc6 29. Rd6 1-0


[Site "https://www.chess.com"]

[Event "Titled Tuesday Blitz February 21 Early 2023"]
[White "Goroshkov, Maksym"]
[Black "Le, Tuan Minh"]
[WhiteFideId "14142716"]
[BlackFideId "12401153"]
[WhiteElo "2287"]
[BlackElo "2542"]
[Result "0-1"]
[Round "02"]
[TimeControl "180+2"]
[Date "2023.02.21"]
[WhiteClock "0:00:47"]
[BlackClock "0:01:37"]

1. e4 c5 2. c3 Nf6 3. e5 Nd5 4. Bc4 Nb6 5. Bb3 Nc6 6. d4 cxd4 7. cxd4 d5 8. exd6 Qxd6 9. Nf3 Be6 10. O-O Bxb3 11. Qxb3 e6 12. Be3 Be7 13. Nc3 O-O 14. Rad1 Rfd8 15. d5 Nxd5 16. Qxb7 Na5 17. Qb5 Nxc3 18. bxc3 Qxd1 19. Nd4 Rab8 20. Qxa5 Rb1 21. Qa6 e5 22. Nf3 Qxf1+ 23. Qxf1 Rdd1 24. Nd2 Rxf1+ 25. Nxf1 a5 26. a4 Ra1 27. g3 Rxa4 28. Nd2 Ra1+ 29. Kg2 a4 30. Nc4 a3 31. Nxe5 a2 0-1


[Site "https://www.chess.com"]

[Event "Titled Tuesday Blitz February 21 Early 2023"]
[White "Martinez Alcantara, Jose Eduardo"]
[Black "Ozates, Tuna"]
[WhiteFideId "3805662"]
[BlackFideId "6354521"]
[WhiteElo "2619"]
[BlackElo "2251"]
[Result "1-0"]
[Round "02"]
[TimeControl "180+2"]
[Date "2023.02.21"]
[WhiteClock "0:02:12"]
[BlackClock "0:00:50"]

1. e4 c5 2. Nf3 Nc6 3. Bb5 g6 4. O-O Bg7 5. c3 Nf6 6. Re1 O-O 7. d4 d5 8. e5 Ne4 9. Be3 cxd4 10. cxd4 Bf5 11. Nc3 Rc8 12. Rc1 Nxc3 13. bxc3 Na5 14. Bd3 Bxd3 15. Qxd3 Nc4 16. h4 h6 17. Bf4 e6 18. g3 Qa5 19. Re2 Rc6 20. Nh2 h5 21. g4 hxg4 22. Nxg4 Qd8 23. Bg5 Qa5 24. h5 Nxe5 25. Nxe5 Bxe5 26. Rxe5 Kg7 27. hxg6 f5 28. Qh3 1-0


[Site "https://www.chess.com"]

[Event "Titled Tuesday Blitz February 21 Early 2023"]
[White "Skvortsov, Andrei"]
[Black "Hakobyan, Aram"]
[WhiteFideId "24108600"]
[BlackFideId "13306677"]
[WhiteElo "2313"]
[BlackElo "2608"]
[Result "1/2-1/2"]
[Round "02"]
[TimeControl "180+2"]
[Date "2023.02.21"]
[WhiteClock "0:00:15"]
[BlackClock "0:00:20"]

1. e4 e5 2. Nf3 Nc6 3. Nc3 Nf6 4. d4 exd4 5. Nxd4 Bb4 6. Nxc6 bxc6 7. Bd3 O-O 8. O-O d5 9. exd5 Bg4 10. f3 Bh5 11. dxc6 Qd4+ 12. Kh1 Bxc3 13. bxc3 Qxc3 14. Rb1 Bg6 15. Bb2 Qxc6 16. Bxf6 Qxf6 17. Bxg6 hxg6 18. Qd3 Rfd8 19. Qc4 Qd6 20. h3 a5 21. Rb3 Qe7 22. Rd3 Rxd3 23. Qxd3 Qe6 24. Qb3 Qe2 25. Qd3 Re8 26. Rd1 Qf2 27. Rf1 Qc5 28. Rb1 a4 29. Kh2 c6 30. Qd7 Qe5+ 31. Kh1 Re6 32. Qd8+ Re8 33. Qd7 Qe2 34. Qxc6 Rd8 35. Qxa4 Rc8 36. Qe4 Qa6 37. a4 f5 38. Qb7 Qxb7 39. Rxb7 Rxc2 40. a5 Ra2 41. Rb6 Rxa5 42. Rxg6 Kf7 43. Rb6 f4 44. Kh2 g5 45. Rc6 Kg7 46. Kg1 Ra1+ 47. Kh2 Ra5 48. h4 gxh4 49. Kh3 Rg5 50. Rc4 Rg3+ 51. Kh2 h3 52. Rxf4 Rxg2+ 53. Kxh3 Ra2 54. Kg4 Kg6 55. Rc4 Rg2+ 56. Kf4 Rh2 57. Rc6+ Kf7 58. Kg3 Rh1 59. Rc4 Kf6 60. Rf4+ Ke5 61. Rg4 Kf5 62. Rf4+ Kg6 63. Rg4+ Kf7 64. Kg2 Ra1 65. Re4 Kf6 66. Kg3 Kf5 67. Rf4+ Kg6 68. Rb4 Kf7 69. Rb5 Rg1+ 70. Kf4 Rh1 71. Kg4 Kf6 72. Rb6+ Kg7 73. f4 Rg1+ 74. Kf5 Rc1 75. Rb7+ Kg8 76. Kg5 Rc6 77. f5 Ra6 78. Rc7 Rb6 79. Re7 Ra6 80. Re6 Ra7 81. Kf6 Rf7+ 82. Kg5 Ra7 83. Rg6+ Kf7 84. Rh6 Kg8 85. Rh2 Ra6 86. Rc2 Kf7 87. Rc7+ Kg8 88. Re7 Kf8 89. Re5 Kf7 90. Rb5 Rc6 91. Rb7+ Kf8 92. f6 Rc1 93. Kf5 Rf1+ 94. Ke6 Re1+ 95. Kf5 Rf1+ 96. Kg6 Rg1+ 97. Kf5 Rf1+ 1/2-1/2


[Site "https://www.chess.com"]

[Event "Titled Tuesday Blitz February 21 Early 2023"]
[White "Fedoseev, Vladimir"]
[Black "Al-Tarboush, Ward"]
[WhiteFideId "24130737"]
[BlackFideId "7601450"]
[WhiteElo "2680"]
[BlackElo "2256"]
[Result "1-0"]
[Round "02"]
[TimeControl "180+2"]
[Date "2023.02.21"]
[WhiteClock "0:01:39"]
[BlackClock "0:00:21"]

1. e4 e5 2. Nf3 Nf6 3. d4 Nxe4 4. Bd3 Nc6 5. O-O d5 6. dxe5 Nc5 7. Be2 Be7 8. Be3 Ne6 9. c3 O-O 10. Qd2 f6 11. exf6 Bxf6 12. Rd1 Ne7 13. c4 c6 14. Nc3 Qa5 15. Nxd5 Qxd2 16. Nxf6+ Rxf6 17. Rxd2 Nf5 18. Rad1 Nxe3 19. fxe3 b6 20. Ne5 Bb7 21. Rd7 Nc5 22. Rc7 Re8 23. b4 Rxe5 24. bxc5 Rxe3 25. Rd8+ Rf8 26. Rdd7 Rf6 27. Rxg7+ Kf8 28. Rxh7 Kg8 29. Rcg7+ Kf8 30. Rxb7 1-0


[Site "https://www.chess.com"]

[Event "Titled Tuesday Blitz February 21 Early 2023"]
[White "Deac, Bogdan-Daniel"]
[Black "Sadykov, Ramil"]
[WhiteFideId "1226380"]
[BlackFideId "24113590"]
[WhiteElo "2700"]
[BlackElo "2345"]
[Result "0-1"]
[Round "02"]
[TimeControl "180+2"]
[Date "2023.02.21"]
[WhiteClock "0:00:02"]
[BlackClock "0:00:02"]

1. b3 d5 2. Bb2 Nf6 3. e3 g6 4. Bxf6 exf6 5. d4 Bg7 6. g3 O-O 7. Bg2 c6 8. Ne2 Re8 9. O-O Bf5 10. c4 Be4 11. Nbc3 Bxg2 12. Kxg2 dxc4 13. bxc4 f5 14. Qb3 b6 15. a4 Nd7 16. a5 Qc7 17. axb6 axb6 18. Rfb1 Reb8 19. Nf4 Bf6 20. h4 h5 21. Rxa8 Rxa8 22. Nce2 Kg7 23. Ng1 Qd6 24. Nf3 Ra3 25. Qb2 Ra4 26. Qc2 Ra5 27. Rb3 Qc7 28. Nd3 Qa7 29. Rb2 Ra1 30. Rb1 Rxb1 31. Qxb1 Qa3 32. Nf4 Qa4 33. Nd2 Qa3 34. Qb3 Qxb3 35. Nxb3 Kf8 36. Nd3 Ke7 37. f3 Kd6 38. e4 fxe4 39. fxe4 Bg7 40. Kf3 Ke6 41. Nf4+ Kd6 42. e5+ Bxe5 43. dxe5+ Nxe5+ 44. Ke4 Nxc4 45. Nd3 c5 46. Nf4 Ne5 47. Nd2 b5 48. Nh3 b4 49. Ke3 Kd5 50. Nf4+ Kd6 51. Ne4+ Kc6 52. Ng5 b3 53. Kd2 c4 54. Kc3 Kc5 55. Ne4+ Kb5 56. Nd2 Kc5 57. Ne2 Kd5 58. Nf4+ Kc5 59. Ng2 Kd5 60. Ne3+ Ke6 61. Ne4 Ke7 62. Nc5 Kf6 63. Ne4+ Ke6 64. Nd2 Kf6 65. Kd4 Ke6 66. Nexc4 Nxc4 67. Kxc4 Kf5 68. Kd3 Kg4 69. Ne4 f5 0-1


[Site "https://www.chess.com"]

[Event "Titled Tuesday Blitz February 21 Early 2023"]
[White "Dobrikov, Marco"]
[Black "Lenderman, Aleksandr"]
[WhiteFideId "12950378"]
[BlackFideId "2021285"]
[WhiteElo "2269"]
[BlackElo "2572"]
[Result "0-1"]
[Round "02"]
[TimeControl "180+2"]
[Date "2023.02.21"]
[WhiteClock "0:00:39"]
[BlackClock "0:00:47"]

1. c4 b6 2. d4 Bb7 3. Nc3 e6 4. Nf3 Bb4 5. Qc2 Nf6 6. a3 Be4 7. Qb3 Bxc3+ 8. Qxc3 d6 9. Bg5 Nbd7 10. e3 h6 11. Bxf6 Nxf6 12. Bd3 Bb7 13. Qc2 c5 14. e4 cxd4 15. Nxd4 O-O 16. O-O Rc8 17. Qe2 a6 18. Rac1 Qe7 19. Rfd1 Rfd8 20. b4 Rc7 21. Nb3 Rdc8 22. f3 Nd7 23. Qe3 Qf6 24. Bf1 Qe5 25. f4 Qxe4 26. Qxe4 Bxe4 27. Rxd6 a5 28. Nd4 axb4 29. axb4 Nf6 30. Nb5 Rc6 31. Rd4 Ra8 32. g3 Rcc8 33. Nd6 Rd8 34. Rxe4 Rxd6 35. Re2 Rd4 36. Rec2 Ng4 37. c5 Ne3 38. c6 Nxc2 39. Rxc2 Rc8 40. c7 Rd7 41. Rc6 Rcxc7 42. Rxb6 Rb7 43. Rxb7 Rxb7 44. b5 Kf8 45. Kf2 Ke7 46. Ke3 Kd6 47. Kd4 Ra7 48. Bc4 Ra1 49. h4 Rd1+ 50. Bd3 Rg1 51. b6 Rxg3 52. Be4 Rb3 53. b7 Rb4+ 54. Ke3 f5 55. Bf3 e5 56. fxe5+ Kxe5 57. h5 Rb3+ 58. Kf2 Kf4 59. Kg2 Rb2+ 60. Be2 Rxe2+ 61. Kh3 Rb2 62. Kh4 Rh2# 0-1


[Site "https://www.chess.com"]

[Event "Titled Tuesday Blitz February 21 Early 2023"]
[White "Daneshvar, Bardiya"]
[Black "Wadsworth, Matthew J"]
[WhiteFideId "12576468"]
[BlackFideId "415804"]
[WhiteElo "2540"]
[BlackElo "2428"]
[Result "1-0"]
[Round "02"]
[TimeControl "180+2"]
[Date "2023.02.21"]
[WhiteClock "0:01:11"]
[BlackClock "0:00:01"]

1. b3 e5 2. Bb2 Nc6 3. c4 Nf6 4. Nf3 e4 5. Nd4 Bc5 6. Nf5 O-O 7. e3 d5 8. cxd5 Qxd5 9. Ng3 Qe6 10. Bxf6 Qxf6 11. Nc3 Be7 12. Ngxe4 Qg6 13. Ng3 f5 14. Bc4+ Kh8 15. Nd5 Bd6 16. O-O Ne5 17. d4 Nxc4 18. bxc4 c6 19. Nf4 Bxf4 20. exf4 Be6 21. Qe2 Rad8 22. Rad1 Qf7 23. Rfe1 Bxc4 24. Qe5 Bxa2 25. Qc5 b6 26. Qxc6 Bd5 27. Qb5 h6 28. Re5 Rfe8 29. Rxf5 Qd7 30. Qd3 a5 31. Re5 a4 32. h3 Ra8 33. Qa3 b5 34. Rde1 Bc4 35. Nf5 Rf8 36. g4 Rxf5 37. gxf5 Qxd4 38. Qf3 Rf8 39. Re8 Qf6 40. Qa8 Rxe8 41. Rxe8+ Kh7 42. Rh8# 1-0


[Site "https://www.chess.com"]

[Event "Titled Tuesday Blitz February 21 Early 2023"]
[White "Fiorito, Joaquin"]
[Black "Van Foreest, Jorden"]
[WhiteFideId "180173"]
[BlackFideId "1039784"]
[WhiteElo "2405"]
[BlackElo "2689"]
[Result "1-0"]
[Round "02"]
[TimeControl "180+2"]
[Date "2023.02.21"]
[WhiteClock "0:00:12"]
[BlackClock "0:00:07"]

1. d4 Nf6 2. Nc3 d5 3. Bf4 e6 4. Nb5 Bb4+ 5. c3 Ba5 6. a4 a6 7. b4 Bb6 8. a5 axb5 9. axb6 Rxa1 10. Qxa1 Na6 11. bxc7 Nxc7 12. e3 Bd7 13. Bd3 O-O 14. Ne2 Na8 15. Qa7 Qb6 16. Qa3 Qc6 17. O-O Nb6 18. Ra1 Na4 19. Rc1 Rc8 20. f3 Nh5 21. Bg5 Ra8 22. g4 Nf6 23. Bxf6 gxf6 24. Qb3 Nb6 25. Nf4 Nc4 26. Kf2 Ra3 27. Qb1 Qa6 28. Nh5 Ra2+ 29. Kg3 e5 30. Bxc4 bxc4 31. g5 fxg5 32. dxe5 Qg6 33. Nf6+ Kg7 34. Qxa2 Qh6 35. Nxd7 Qh4+ 36. Kg2 g4 37. Qe2 Qh3+ 38. Kg1 gxf3 39. Qf2 Qxd7 40. Qg3+ Kf8 41. Qxf3 Qe6 42. Rd1 Qg6+ 43. Qg3 Qe4 44. Rf1 b5 45. Qf4 Qg6+ 46. Kh1 Ke8 47. Qf6 Qe4+ 48. Qf3 Qg6 49. Rg1 Qe6 50. Rg8+ Ke7 51. Qf6+ Qxf6 52. exf6+ Kxf6 53. Rb8 Ke5 54. Rxb5 Ke4 55. Rc5 f5 56. b5 1-0


[Site "https://www.chess.com"]

[Event "Titled Tuesday Blitz February 21 Early 2023"]
[White "Alekseenko, Kirill"]
[Black "Jakubowski, Krzysztof"]
[WhiteFideId "4135539"]
[BlackFideId "1112848"]
[WhiteElo "2686"]
[BlackElo "2486"]
[Result "1-0"]
[Round "02"]
[TimeControl "180+2"]
[Date "2023.02.21"]
[WhiteClock "0:00:14"]
[BlackClock "0:00:03"]

1. d4 Nf6 2. Nc3 d5 3. Bf4 a6 4. e3 e6 5. g4 c5 6. g5 Nfd7 7. h4 Nc6 8. Nf3 b5 9. Ne2 Bb7 10. Bg2 Be7 11. c3 f5 12. Nc1 c4 13. Ne2 O-O 14. O-O a5 15. Kh1 b4 16. Rg1 a4 17. a3 bxa3 18. bxa3 Na5 19. Ne5 Nb3 20. Ra2 Ra6 21. Nxd7 Qxd7 22. Be5 Bd6 23. Bxd6 Qxd6 24. Nf4 Rb6 25. Bf3 Bc6 26. Qf1 Rfb8 27. Bd1 Na5 28. Bc2 Rb2 29. Qa1 Rxa2 30. Qxa2 Bd7 31. Rb1 Nb3 32. Bd1 Rb6 33. Kg1 Qb8 34. Qb2 Rb5 35. Qa2 Qb6 36. Bc2 Qd6 37. Rd1 Kf8 38. f3 Ke7 39. Kg2 Kd8 40. Ne2 Kc7 41. Nf4 Kb6 42. Rb1 Ka5 43. Rd1 Rb8 44. Ne2 Rh8 45. f4 h6 46. Ng1 hxg5 47. hxg5 Qe7 48. Nf3 Qf7 49. Rh1 Rxh1 50. Kxh1 Qh5+ 51. Kg2 Be8 52. Bd1 Qg4+ 53. Kf2 Bh5 54. Qc2 Qh3 55. Be2 g6 56. Qd1 Bxf3 57. Bxf3 Qh4+ 58. Kg2 Kb5 59. Qb1 Kc6 60. Qf1 Kd6 61. Qd1 Ke7 62. Qf1 Kf7 63. Bd1 Ke7 64. Bf3 Kd6 65. Qe2 Kc6 66. Qxc4+ Kd6 67. Qb4+ Kc7 68. Qxa4 Nd2 69. Qa7+ Kd6 70. Qa6+ Kd7 71. Qe2 Nc4 72. a4 Kc7 73. Qf2 Qxf2+ 74. Kxf2 Kb6 75. Be2 Nd2 76. Bb5 Ne4+ 77. Kf3 Nd6 78. Bd7 Ka5 79. Bxe6 Kxa4 80. Bxd5 Kb5 81. e4 1-0


[Site "https://www.chess.com"]

[Event "Titled Tuesday Blitz February 21 Early 2023"]
[White "Erigaisi Arjun"]
[Black "Kvaloy, Aksel Bu"]
[WhiteFideId "35009192"]
[BlackFideId "1528815"]
[WhiteElo "2701"]
[BlackElo "2321"]
[Result "1-0"]
[Round "02"]
[TimeControl "180+2"]
[Date "2023.02.21"]
[WhiteClock "0:00:04"]
[BlackClock "0:00:02"]

1. c4 e5 2. Nc3 Nf6 3. e3 Nc6 4. Qb3 Bc5 5. Nf3 O-O 6. d3 d6 7. Be2 Bg4 8. O-O Rb8 9. Rd1 Re8 10. h3 Bh5 11. a3 a6 12. Qc2 h6 13. b4 Ba7 14. Bb2 Bg6 15. Rac1 Qd7 16. Nd5 Nxd5 17. cxd5 Ne7 18. e4 Rbc8 19. Nh4 Bh7 20. Bg4 f5 21. exf5 Nxf5 22. d4 e4 23. Re1 Qf7 24. Bxf5 Bxf5 25. Nxf5 Qxf5 26. f3 Qxd5 27. Rxe4 Rxe4 28. fxe4 Qf7 29. Rf1 Qe7 30. Kh2 Re8 31. d5 Bb6 32. Rf4 Be3 33. Rg4 Bg5 34. h4 Bf6 35. Bxf6 Qxf6 36. Qxc7 h5 37. Rg5 Qf4+ 38. Kh3 Qf6 39. Qxb7 Rxe4 40. Qc8+ Kh7 41. Rxh5+ Kg6 42. Rg5+ Kh7 43. Qf5+ Qxf5+ 44. Rxf5 Kg6 45. Rg5+ Kf6 46. Rg4 Re5 47. Rf4+ Ke7 48. Rd4 Re3+ 49. Kg4 Rxa3 50. Rc4 Rd3 51. Rc7+ Kf6 52. Rc6 Rxd5 53. Rxa6 Rd4+ 54. Kh3 Rxb4 55. Rxd6+ Ke7 56. Rg6 Kf7 57. h5 Rc4 58. Ra6 Rb4 59. g4 Rb1 60. Kh4 Rb5 61. Ra7+ Kg8 62. Rc7 Kh7 63. Rc6 Ra5 64. Rc4 Rb5 65. Re4 Ra5 66. g5 Ra1 67. Kg4 Rg1+ 68. Kf5 Rf1+ 69. Rf4 Ra1 70. Rd4 Rf1+ 71. Rf4 Ra1 72. Re4 Rf1+ 73. Ke6 Rg1 74. Re5 Rf1 75. Rf5 Ra1 76. Rf7 Ra6+ 77. Kf5 Ra5+ 78. Kg4 Ra4+ 79. Rf4 Ra1 80. Rb4 Rg1+ 81. Kf5 Rf1+ 82. Ke5 Re1+ 83. Re4 Ra1 84. Ke6 Ra5 85. Re5 Ra6+ 86. Kf7 Ra7+ 87. Re7 Ra5 88. g6+ Kh6 89. Kf8 Ra8+ 90. Kf7 Ra6 91. Re8 Rf6+ 92. Kg8 Rf5 93. Re7 Ra5 94. Rf7 Ra8+ 95. Rf8 Ra7 96. Rf7 Ra8+ 97. Rf8 Ra7 98. Kh8 Kxh5 99. Kh7 Ra6 100. Rf5+ Kg4 101. Rb5 Ra7 102. Kg8 Kh4 103. Kh7 Kg4 104. Rc5 Rb7 105. Ra5 Rc7 106. Re5 Rb7 107. Re8 Kg5 108. Rf8 Rb6 109. Ra8 Rc6 110. Ra5+ Kf6 111. Ra1 Rc7 112. Rf1+ Kg5 113. Rf7 Rc6 114. Rxg7 Kh5 115. Rg8 Kg5 116. Ra8 1-0


[Site "https://www.chess.com"]

[Event "Titled Tuesday Blitz February 21 Early 2023"]
[White "Lazavik, Denis"]
[Black "Florescu, Codrut-Constantin"]
[WhiteFideId "13515110"]
[BlackFideId "1202200"]
[WhiteElo "2544"]
[BlackElo "2259"]
[Result "1-0"]
[Round "02"]
[TimeControl "180+2"]
[Date "2023.02.21"]
[WhiteClock "0:00:44"]
[BlackClock "0:00:44"]

1. d4 Nf6 2. c4 e6 3. Nf3 Bb4+ 4. Bd2 a5 5. g3 d5 6. Bg2 O-O 7. Qc2 c6 8. O-O Nbd7 9. Bf4 Be7 10. Rd1 Nh5 11. Bc1 Nhf6 12. b3 b6 13. Bb2 Ba6 14. Nbd2 Rc8 15. e4 Bb7 16. Rac1 c5 17. exd5 exd5 18. Qf5 g6 19. Qf4 Re8 20. Bh3 Qc7 21. Qh6 Bf8 22. Qh4 Ne4 23. cxd5 Bxd5 24. dxc5 Nexc5 25. Qd4 1-0


[Site "https://www.chess.com"]

[Event "Titled Tuesday Blitz February 21 Early 2023"]
[White "Gabdrakhmanov, Azat"]
[Black "Korobov, Anton"]
[WhiteFideId "34189197"]
[BlackFideId "14105730"]
[WhiteElo "2316"]
[BlackElo "2664"]
[Result "0-1"]
[Round "02"]
[TimeControl "180+2"]
[Date "2023.02.21"]
[WhiteClock "0:00:03"]
[BlackClock "0:00:56"]

1. e4 c5 2. Nf3 d6 3. d4 cxd4 4. Nxd4 Nf6 5. Nc3 a6 6. Be3 e6 7. f3 b5 8. g4 Bb7 9. g5 Nfd7 10. a4 b4 11. Na2 d5 12. Qd2 dxe4 13. O-O-O exf3 14. Bh3 Nc5 15. Qf2 Qa5 16. Nxf3 Nbd7 17. g6 hxg6 18. Ng5 Nf6 19. Rhe1 Rxh3 20. Nxh3 Rc8 21. Kb1 b3 22. Nc3 Nce4 23. Bb6 Nxc3+ 24. bxc3 bxc2+ 25. Kxc2 Rxc3+ 26. Kd2 Qb4 27. Ke2 Qc4+ 0-1


[Site "https://www.chess.com"]

[Event "Titled Tuesday Blitz February 21 Early 2023"]
[White "Budisavljevic, Luka"]
[Black "Navara, David"]
[WhiteFideId "960047"]
[BlackFideId "309095"]
[WhiteElo "2488"]
[BlackElo "2678"]
[Result "1/2-1/2"]
[Round "02"]
[TimeControl "180+2"]
[Date "2023.02.21"]
[WhiteClock "0:00:56"]
[BlackClock "0:00:43"]

1. d4 d5 2. Nf3 Nf6 3. e3 c5 4. c4 cxd4 5. exd4 g6 6. Nc3 Bg7 7. cxd5 Nxd5 8. Bc4 Nb6 9. Bb3 O-O 10. O-O Bg4 11. h3 Bxf3 12. Qxf3 Nc6 13. d5 Nd4 14. Qd1 Nxb3 15. axb3 Bxc3 16. bxc3 Qxd5 17. Be3 e6 18. c4 Qxd1 19. Rfxd1 Rfc8 20. Rd6 Kf8 21. Bxb6 axb6 22. Rxa8 Rxa8 23. Rxb6 Ra7 24. c5 Ke7 25. c6 bxc6 26. Rxc6 Ra2 27. g4 Rb2 28. Rc3 g5 29. Kg2 f5 30. gxf5 exf5 31. Rc7+ Kf6 32. Rxh7 Rxb3 1/2-1/2


[Site "https://www.chess.com"]

[Event "Titled Tuesday Blitz February 21 Early 2023"]
[White "Tabatabaei, M. Amin"]
[Black "Ince, Taylan Ruzgar"]
[WhiteFideId "12521213"]
[BlackFideId "44513089"]
[WhiteElo "2677"]
[BlackElo "2264"]
[Result "1-0"]
[Round "02"]
[TimeControl "180+2"]
[Date "2023.02.21"]
[WhiteClock "0:00:24"]
[BlackClock "0:00:05"]

1. d4 Nf6 2. c4 g6 3. g3 Bg7 4. Bg2 d5 5. cxd5 Nxd5 6. e4 Nb6 7. Ne2 O-O 8. O-O Nc6 9. d5 Na5 10. Nbc3 c6 11. b3 cxd5 12. exd5 Bg4 13. Bb2 Rc8 14. Rc1 Qd7 15. f3 Bh3 16. Bxh3 Qxh3 17. Nf4 Qd7 18. Qe2 Rc7 19. Ne4 Rxc1 20. Rxc1 Nxd5 21. Qd2 Bxb2 22. Nxd5 Rd8 23. Rd1 Nc6 24. Qxb2 Qe6 25. Ndc3 Nd4 26. Qf2 Qb6 27. Kg2 e5 28. Ne2 f5 29. N4c3 Qc6 30. Nxd4 Qxc3 31. Nb5 Qc8 32. Nxa7 Qb8 33. Rxd8+ Qxd8 34. Nb5 Kf7 35. a4 Qd5 36. Qc2 g5 37. Qc4 Qxc4 38. bxc4 Ke6 39. Kf2 Kd7 40. Ke3 Kc6 41. Kd3 Kc5 42. Kc3 h5 43. Na3 g4 44. fxg4 hxg4 45. Nb1 f4 46. Nd2 Kc6 47. Ne4 f3 48. Kb4 b6 49. Kb3 Kc7 50. Kc3 Kb7 51. Nf2 Ka6 52. Kb4 Kb7 53. a5 bxa5+ 54. Kxa5 Kc6 55. Kb4 Kb6 56. c5+ Kc6 57. Kc4 1-0


[Site "https://www.chess.com"]

[Event "Titled Tuesday Blitz February 21 Early 2023"]
[White "Sukandar, Irine Kharisma"]
[Black "Bortnyk, Mykola"]
[WhiteFideId "7101937"]
[BlackFideId "14120836"]
[WhiteElo "2390"]
[BlackElo "2425"]
[Result "0-1"]
[Round "02"]
[TimeControl "180+2"]
[Date "2023.02.21"]
[WhiteClock "0:00:03"]
[BlackClock "0:00:02"]

1. d4 g6 2. e4 Bg7 3. Nc3 d6 4. Nf3 a6 5. h3 h6 6. Be3 e6 7. Qd2 Ne7 8. Bd3 Nd7 9. Ne2 b5 10. a4 Rb8 11. axb5 axb5 12. Ng3 c5 13. c3 c4 14. Bc2 Bb7 15. O-O Kf8 16. Rfe1 Kg8 17. Nh2 f5 18. exf5 Nxf5 19. Bf4 Nf8 20. Ng4 g5 21. Nxf5 exf5 22. Bxf5 gxf4 23. Qxf4 h5 24. Ne3 Qf6 25. Ra5 Ng6 26. Qg3 Ne7 27. Rxb5 Kf7 28. Nxc4 Rhd8 29. Be6+ Kf8 30. Rxh5 Bc8 31. d5 Ra8 32. Bxc8 Raxc8 33. Re6 Qf7 34. Nxd6 Qxh5 35. Qf4+ Kg8 36. Rxe7 Ra8 37. g4 Ra1+ 38. Kh2 Qxd5 39. Ne4 Rf8 40. Rxg7+ Kxg7 41. Qc7+ Rf7 0-1


[Site "https://www.chess.com"]

[Event "Titled Tuesday Blitz February 21 Early 2023"]
[White "Maksimenko, Viktor"]
[Black "Makarian, Rudik"]
[WhiteFideId "13710478"]
[BlackFideId "44105681"]
[WhiteElo "2196"]
[BlackElo "2545"]
[Result "0-1"]
[Round "02"]
[TimeControl "180+2"]
[Date "2023.02.21"]
[WhiteClock "0:00:12"]
[BlackClock "0:00:14"]

1. d4 Nf6 2. c4 e6 3. Nf3 d5 4. g3 Bb4+ 5. Bd2 Be7 6. Bg2 O-O 7. Qc2 Nbd7 8. h4 dxc4 9. Qxc4 Rb8 10. Qc2 b5 11. Nc3 Bb7 12. O-O b4 13. Na4 Be4 14. Qc4 Bd5 15. Qc2 Be4 16. Qc4 c6 17. Rac1 Qa5 18. b3 Rbc8 19. Bg5 Nb6 20. Nxb6 axb6 21. e3 h6 22. Bxf6 Bxf6 23. Nd2 Bd5 24. Qc2 c5 25. dxc5 Rxc5 26. Qb1 Bc3 27. Ne4 Rc7 28. Rfd1 Ra8 29. Rc2 Be5 30. Rdc1 Rac8 31. Rxc7 Rxc7 32. Rxc7 Bxc7 33. Nd2 Bxg2 34. Kxg2 Qd5+ 35. Nf3 f5 36. Qc2 Bd6 37. Qc8+ Bf8 38. Qb8 g5 39. hxg5 hxg5 40. Qe8 g4 41. Qg6+ Kh8 42. Qh5+ Kg7 43. Qg5+ Kf7 44. Qh5+ Ke7 45. Qg5+ Kd7 46. e4 Qxe4 47. Qd2+ Ke8 0-1


[Site "https://www.chess.com"]

[Event "Titled Tuesday Blitz February 21 Early 2023"]
[White "Yilmaz, Mustafa"]
[Black "Pajeken, Jakob Leon"]
[WhiteFideId "6302718"]
[BlackFideId "12942839"]
[WhiteElo "2641"]
[BlackElo "2417"]
[Result "0-1"]
[Round "02"]
[TimeControl "180+2"]
[Date "2023.02.21"]
[WhiteClock "0:00:19"]
[BlackClock "0:01:45"]

1. d4 d5 2. c4 dxc4 3. Nf3 Nf6 4. e3 e6 5. Bxc4 c5 6. O-O Nc6 7. a3 a6 8. dxc5 Qxd1 9. Rxd1 Bxc5 10. b4 Be7 11. Bb2 O-O 12. Nbd2 b5 13. Be2 Bb7 14. Nb3 Rfd8 15. Rac1 Nd7 16. Nfd4 Nxd4 17. Bxd4 Bd5 18. Na5 Rdc8 19. f3 f5 20. Kf2 Kf7 21. Bd3 Bf6 22. Bxf6 Nxf6 23. Re1 g6 24. Rxc8 Rxc8 25. e4 fxe4 26. fxe4 Ba8 27. Ke3 Rc3 28. Kd4 Rxa3 29. Rc1 e5+ 30. Ke3 Bxe4 31. Rd1 Bf5 32. h3 Nd5+ 0-1


[Site "https://www.chess.com"]

[Event "Titled Tuesday Blitz February 21 Early 2023"]
[White "Terry, Renato"]
[Black "WindWhistler11"]
[WhiteFideId "3803457"]
[WhiteElo "2520"]
[BlackElo "2536"]
[Result "1-0"]
[Round "02"]
[TimeControl "180+2"]
[Date "2023.02.21"]
[WhiteClock "0:00:37"]
[BlackClock "0:00:01"]

1. e4 e6 2. d4 d5 3. exd5 exd5 4. Nf3 Ne7 5. Bd3 Nbc6 6. c3 Bg4 7. O-O f6 8. Nbd2 Qd7 9. b4 g6 10. Nb3 b6 11. Re1 Bg7 12. h3 Be6 13. b5 Nd8 14. a4 O-O 15. a5 Re8 16. Bf4 Nf7 17. Bxc7 Bxh3 18. axb6 axb6 19. Rxa8 Rxa8 20. Bxb6 Qg4 21. Bf1 Nf5 22. Bc7 Ng5 23. Nxg5 Qxg5 24. b6 Nh4 25. g3 Bxf1 26. b7 Rf8 27. Kxf1 1-0


[Site "https://www.chess.com"]